PAA
CHESAPEAKE CONTINENTALS @ LANNISTER UNITED LIONHEARTS
07/16/2024
 
TOP OF THE 1ST
Chesapeake Continentals batting - Pitching for Lannister United Lionhearts : RHP Enea Dini
Pitching: RHP Enea Dini
Batting: RHB Héctor Hernández 0-0: Called Strike
0-1: Ball
1-1: Called Strike
1-2: SINGLE (Groundball, 6MD)
Batting: RHB Adrian Barr 0-0: Ball
1-0: Ball
2-0: Called Strike
2-1: Called Strike
2-2: Strikes out swinging
Batting: RHB Mike Peterson 0-0: Ball
1-0: Foul Ball, location: 2F
1-1: Ball
2-1: Ball
3-1: Base on Balls
Héctor Hernández to second
Batting: LHB Arturo Ballina 0-0: Called Strike
Héctor Hernández steals 3rd base
Mike Peterson to second
0-1: Ball
1-1: Ground out 3-5 (Groundball, 3L)
Batting: RHB Mike Greene 0-0: Called Strike
0-1: Ball
1-1: Ball
2-1: Foul Ball, location: 2F
2-2: Ball
3-2: Foul Ball, location: 2F
3-2: Base on Balls
Batting: SHB Thomas Sherman 0-0: SINGLE (Line Drive, 78M)
Héctor Hernández scores
Mike Peterson to third
Mike Greene to second
Runner from 3rd tries for Home, SAFE, no throw or cutoff
Batting: RHB Jorge Rodríguez 0-0: Ball
1-0: Called Strike
1-1: Ball
2-1: Ball
3-1: Base on Balls
Mike Greene to third
Thomas Sherman to second
Batting: RHB Miguel Cruz 0-0: Swinging Strike
0-1: Swinging Strike
0-2: Ball
1-2: Ball
2-2: Strikes out swinging
Top of the 1st over - 2 run(s), 2 hit(s), 0 error(s), 3 left on base; Chesapeake 2 - Lannister United 0
BOTTOM OF THE 1ST
Lannister United Lionhearts batting - Pitching for Chesapeake Continentals : LHP Carlos Medina
Pitching: LHP Carlos Medina
Batting: RHB Curt Johnston 0-0: Ball
1-0: SINGLE (Groundball, 6MD) (infield hit)
Batting: RHB Jeremy Christensen 0-0: Ball
1-0: Called Strike
1-1: Called Strike
1-2: Ball
2-2: Foul Ball, location: 2F
2-2: 2-RUN HOME RUN (Flyball, 78XD), Distance : 410 ft
Batting: LHB José Vargas 0-0: Foul Ball, location: 2F
0-1: Ball
1-1: Fly out, F5 (Popup, 5SF)
Batting: LHB Gabriel Córdova 0-0: SINGLE (Line Drive, 78S)
Batting: RHB Jason Mann 0-0: Grounds into double play, 6-4-3 (Groundball, 6)
Bottom of the 1st over - 2 run(s), 3 hit(s), 0 error(s), 0 left on base; Chesapeake 2 - Lannister United 2
TOP OF THE 2ND
Chesapeake Continentals batting - Pitching for Lannister United Lionhearts : RHP Enea Dini
Batting: RHB Gabriel Guerrero 0-0: Called Strike
0-1: Foul Ball, location: 2F
0-2: Foul Ball, location: 2F
0-2: Foul Ball, location: 2F
0-2: Ball
1-2: SINGLE (Groundball, 34D)
Batting: RHB Héctor Hernández 0-0: SINGLE (Groundball, 4MD)
Gabriel Guerrero to second
Batting: RHB Adrian Barr 0-0: Ball
1-0: Ball
2-0: Foul Ball, location: 2F
2-1: Called Strike
2-2: Strikes out looking
Batting: RHB Mike Peterson 0-0: Foul Ball, location: 2F
0-1: Called Strike
0-2: Ball
1-2: Strikes out swinging
Batting: LHB Arturo Ballina 0-0: Ball
1-0: Ball
2-0: Swinging Strike
2-1: Ball
3-1: Fly out, F6 (Popup, 15)
Top of the 2nd over - 0 run(s), 2 hit(s), 0 error(s), 2 left on base; Chesapeake 2 - Lannister United 2
BOTTOM OF THE 2ND
Lannister United Lionhearts batting - Pitching for Chesapeake Continentals : LHP Carlos Medina
Batting: RHB Tomás Martínez 0-0: Ball
1-0: Foul Ball, location: 2F
1-1: Ball
2-1: Called Strike
2-2: Fly out, F8 (Flyball, 8LM)
Batting: SHB Corey Neace 0-0: Ball
1-0: Foul Ball, location: 2F
1-1: Ball
2-1: SINGLE (Line Drive, 56)
Batting: RHB Tristan Kuhn 0-0: Called Strike
0-1: Foul Ball, location: 2F
0-2: Fly out, F3 (Popup, 3DF)
Batting: RHB Lloyd Walsh 0-0: Fielders Choice at 2nd, 5-4 (Groundball, 56)
Bottom of the 2nd over - 0 run(s), 1 hit(s), 0 error(s), 0 left on base; Chesapeake 2 - Lannister United 2
TOP OF THE 3RD
Chesapeake Continentals batting - Pitching for Lannister United Lionhearts : RHP Enea Dini
Batting: RHB Mike Greene 0-0: Ball
1-0: Called Strike
1-1: Ball
2-1: Ball
3-1: Base on Balls
Batting: SHB Thomas Sherman 0-0: Called Strike
0-1: Swinging Strike
0-2: Ball
1-2: Foul Ball, location: 2F
1-2: Strikes out looking
Batting: RHB Jorge Rodríguez 0-0: Called Strike
0-1: Called Strike
0-2: Ball
1-2: Strikes out swinging
Batting: RHB Miguel Cruz 0-0: Foul Ball, location: 2F
0-1: Fielders Choice at 2nd, U4 (Groundball, 4M)
Top of the 3rd over - 0 run(s), 0 hit(s), 0 error(s), 1 left on base; Chesapeake 2 - Lannister United 2
BOTTOM OF THE 3RD
Lannister United Lionhearts batting - Pitching for Chesapeake Continentals : LHP Carlos Medina
Batting: RHB Curt Johnston 0-0: Called Strike
0-1: Ball
1-1: Ball
2-1: Swinging Strike
2-2: Ball
3-2: Base on Balls
Batting: RHB Jeremy Christensen 0-0: Called Strike
0-1: Ground out 4-3 (Groundball, 13)
Curt Johnston to second
Batting: LHB José Vargas 0-0: Called Strike
0-1: Ball
1-1: Ground out 4-3 (Groundball, 4M)
Curt Johnston to third
Batting: LHB Gabriel Córdova 0-0: Foul Ball, location: 2F
0-1: Swinging Strike
0-2: Strikes out swinging
Bottom of the 3rd over - 0 run(s), 0 hit(s), 0 error(s), 1 left on base; Chesapeake 2 - Lannister United 2
TOP OF THE 4TH
Chesapeake Continentals batting - Pitching for Lannister United Lionhearts : RHP Enea Dini
Batting: RHB Gabriel Guerrero 0-0: Fly out, F8 (Line Drive, 8LM)
Batting: RHB Héctor Hernández 0-0: Ground out 6-3 (Groundball, 6)
Batting: RHB Adrian Barr 0-0: Called Strike
0-1: Fly out, F4 (Popup, 6MD)
Top of the 4th over - 0 run(s), 0 hit(s), 0 error(s), 0 left on base; Chesapeake 2 - Lannister United 2
BOTTOM OF THE 4TH
Lannister United Lionhearts batting - Pitching for Chesapeake Continentals : LHP Carlos Medina
Batting: RHB Jason Mann 0-0: Called Strike
0-1: Foul Ball, location: 2F
0-2: Ball
1-2: Ball
2-2: Foul Ball, location: 2F
2-2: Foul Ball, location: 2F
2-2: Strikes out looking
Batting: RHB Tomás Martínez 0-0: Called Strike
0-1: SINGLE (Groundball, 56)
Batting: SHB Corey Neace 0-0: Ball
1-0: Ball
2-0: Ball
3-0: Base on Balls
Tomás Martínez to second
Batting: RHB Tristan Kuhn 0-0: Swinging Strike
0-1: Fly out, F9 (Flyball, 9M)
Batting: RHB Lloyd Walsh 0-0: Fly out, F4 (Popup, 34)
Bottom of the 4th over - 0 run(s), 1 hit(s), 0 error(s), 2 left on base; Chesapeake 2 - Lannister United 2
TOP OF THE 5TH
Chesapeake Continentals batting - Pitching for Lannister United Lionhearts : RHP Enea Dini
Batting: RHB Mike Peterson 0-0: Called Strike
0-1: Fly out, F9 (Flyball, 9LM)
Batting: LHB Arturo Ballina 0-0: Called Strike
0-1: Swinging Strike
0-2: Foul Ball, location: 2F
0-2: Foul Ball, location: 2F
0-2: Ball
1-2: Ground out 1-3 (Groundball, 15S)
Batting: RHB Mike Greene 0-0: Ground out 6-3 (Groundball, 6M)
Top of the 5th over - 0 run(s), 0 hit(s), 0 error(s), 0 left on base; Chesapeake 2 - Lannister United 2
BOTTOM OF THE 5TH
Lannister United Lionhearts batting - Pitching for Chesapeake Continentals : LHP Carlos Medina
Batting: RHB Curt Johnston 0-0: Called Strike
0-1: Ball
1-1: Swinging Strike
1-2: Foul Ball, location: 2F
1-2: Ball
2-2: Strikes out looking
Batting: RHB Jeremy Christensen 0-0: Swinging Strike
0-1: Ball
1-1: DOUBLE (Line Drive, 78XD)
Batting: LHB José Vargas 0-0: Called Strike
0-1: Foul Ball, location: 2F
0-2: Ball
1-2: Ball
2-2: Foul Ball, location: 2F
2-2: Fly out, F8 (Popup, 4MD)
Batting: LHB Gabriel Córdova 0-0: Foul Ball, location: 2F
0-1: Ball
1-1: Foul Ball, location: 2F
1-2: Strikes out looking
Bottom of the 5th over - 0 run(s), 1 hit(s), 0 error(s), 1 left on base; Chesapeake 2 - Lannister United 2
TOP OF THE 6TH
Chesapeake Continentals batting - Pitching for Lannister United Lionhearts : RHP Enea Dini
Batting: SHB Thomas Sherman 0-0: Ground out 4-3 (Groundball, 4)
Batting: RHB Jorge Rodríguez 0-0: Ball
1-0: Fly out, F9 (Popup, 4MD)
Batting: RHB Miguel Cruz 0-0: Ball
1-0: Called Strike
1-1: Called Strike
1-2: Foul Ball, location: 2F
1-2: Ball
2-2: Ball
3-2: Strikes out swinging
Top of the 6th over - 0 run(s), 0 hit(s), 0 error(s), 0 left on base; Chesapeake 2 - Lannister United 2
BOTTOM OF THE 6TH
Lannister United Lionhearts batting - Pitching for Chesapeake Continentals : LHP Carlos Medina
Batting: RHB Jason Mann 0-0: Called Strike
0-1: Ball
1-1: Ball
2-1: Ball
3-1: Ground out 1-3 (Groundball, 13)
Batting: RHB Tomás Martínez 0-0: Ball
1-0: Called Strike
1-1: Called Strike
1-2: Fly out, F7 (Flyball, 78M)
Batting: SHB Corey Neace 0-0: Foul Ball, location: 2F
0-1: Ball
1-1: Ball
2-1: Fly out, F7 (Line Drive, 7M)
Bottom of the 6th over - 0 run(s), 0 hit(s), 0 error(s), 0 left on base; Chesapeake 2 - Lannister United 2
TOP OF THE 7TH
Chesapeake Continentals batting - Pitching for Lannister United Lionhearts : RHP Enea Dini
Pinch Hitting: LHB José Estrada 0-0: Ball
1-0: Ball
2-0: Called Strike
2-1: Ball
3-1: Foul Ball, location: 2F
3-2: Base on Balls
Pitching: RHP Harry Mander
Batting: RHB Héctor Hernández 0-0: Ball
1-0: Bunted foul
1-1: Bunted foul
1-2: Ball
Wild Pitch!
José Estrada to second
2-2: Ball
3-2: Ground out 1-3 (Groundball, 15)
Batting: RHB Adrian Barr 0-0: Ball
1-0: Ball
2-0: Foul Ball, location: 2F
2-1: Ball
3-1: Fly out, F4 (Popup, 3D)
Batting: RHB Mike Peterson 0-0: Foul Ball, location: 2F
0-1: Swinging Strike
0-2: Ball
Wild Pitch!
José Estrada to third
1-2: Ball
2-2: SINGLE (Line Drive, 5D)
José Estrada scores
Batting: LHB Arturo Ballina 0-0: Ball
1-0: Called Strike
1-1: Ball
2-1: Foul Ball, location: 2F
2-2: Fly out, F7 (Flyball, 7D)
Top of the 7th over - 1 run(s), 1 hit(s), 0 error(s), 1 left on base; Chesapeake 3 - Lannister United 2
BOTTOM OF THE 7TH
Lannister United Lionhearts batting - Pitching for Chesapeake Continentals : LHP Carlos Medina
Now at 1B: José Estrada
Batting: RHB Tristan Kuhn 0-0: Ball
1-0: Called Strike
1-1: Foul Ball, location: 2F
1-2: Strikes out swinging
Batting: RHB Lloyd Walsh 0-0: Called Strike
0-1: Ball
1-1: Called Strike
1-2: Foul Ball, location: 2F
1-2: Ball
2-2: Foul Ball, location: 2F
2-2: DOUBLE (Line Drive, 7LM)
Pinch Hitting: RHB Javier Chávez 0-0: Ball
Lloyd Walsh steals 3rd base
1-0: Fly out, F8 (Flyball, 89M)
Runner from 3rd tags up, SCORES, no throw
Batting: RHB Jeremy Christensen 0-0: Reached on error, E5 (Groundball, 5S)
Batting: LHB José Vargas 0-0: Ball
1-0: 2-RUN HOME RUN (Flyball, 9D), Distance : 365 ft
Batting: LHB Gabriel Córdova 0-0: SINGLE (Groundball, 4M)
Batting: RHB Jason Mann 0-0: Called Strike
0-1: SINGLE (Line Drive, 56D)
Gabriel Córdova to second
Pitching: RHP Gilberto Soto
Pinch Hitting: LHB Cisco Padilla 0-0: Called Strike
0-1: Ball
1-1: Ball
2-1: Swinging Strike
2-2: 3-RUN HOME RUN (Line Drive, 9D), Distance : 384 ft
Batting: SHB Corey Neace 0-0: Ball
1-0: Ball
2-0: Ball
3-0: Called Strike
3-1: Called Strike
3-2: Foul Ball, location: 2F
3-2: Foul Ball, location: 2F
3-2: Ground out 1-3 (Groundball, 13S)
Bottom of the 7th over - 6 run(s), 5 hit(s), 1 error(s), 0 left on base; Chesapeake 3 - Lannister United 8
TOP OF THE 8TH
Chesapeake Continentals batting - Pitching for Lannister United Lionhearts : RHP Harry Mander
Now at 1B: Cisco Padilla
Now at 3B: Javier Chávez
Batting: RHB Mike Greene 0-0: DOUBLE (Flyball, 7D)
Batting: SHB Thomas Sherman 0-0: Called Strike
0-1: Foul Ball, location: 2F
0-2: Ball
1-2: Ball
2-2: Ground out 4-3 (Groundball, 34)
Mike Greene to third
Batting: RHB Jorge Rodríguez 0-0: Ball
1-0: Fly out, F7 (Line Drive, 7M)
Runner from 3rd tags up, SCORES, throw made
Batting: RHB Miguel Cruz 0-0: Ground out 1-3 (Groundball, 13S)
Top of the 8th over - 1 run(s), 1 hit(s), 0 error(s), 0 left on base; Chesapeake 4 - Lannister United 8
BOTTOM OF THE 8TH
Lannister United Lionhearts batting - Pitching for Chesapeake Continentals : RHP Gilberto Soto
Batting: RHB Tristan Kuhn 0-0: Swinging Strike
0-1: Ball
1-1: Swinging Strike
1-2: Ball
2-2: Strikes out swinging
Batting: RHB Lloyd Walsh 0-0: Ball
1-0: Ball
2-0: Ground out 6-3 (Groundball, 6M)
Batting: RHB Javier Chávez 0-0: Ball
1-0: Ball
2-0: Ball
3-0: Called Strike
3-1: Base on Balls
Batting: RHB Jeremy Christensen 0-0: Ball
1-0: Ball
2-0: Called Strike
2-1: Called Strike
2-2: Ball
3-2: Base on Balls
Javier Chávez to second
Batting: LHB José Vargas 0-0: Called Strike
0-1: Foul Ball, location: 2F
0-2: Ball
1-2: Foul Ball, location: 2F
1-2: Foul Ball, location: 2F
1-2: Strikes out looking
Bottom of the 8th over - 0 run(s), 0 hit(s), 0 error(s), 2 left on base; Chesapeake 4 - Lannister United 8
TOP OF THE 9TH
Chesapeake Continentals batting - Pitching for Lannister United Lionhearts : RHP Harry Mander
Batting: LHB José Estrada 0-0: Ground out 6-3 (Groundball, 6M)
Batting: RHB Héctor Hernández 0-0: Fly out, F8 (Flyball, 8LM)
Batting: RHB Adrian Barr 0-0: Ball
1-0: Ball
2-0: Ball
3-0: Hit by Pitch
Batting: RHB Mike Peterson 0-0: SINGLE (Line Drive, 4)
Adrian Barr to second
Runner from 2nd tries for 3rd, SAFE, throw made to third
Pitching: RHP Félix Torres
Batting: LHB Arturo Ballina 0-0: Called Strike
0-1: Foul Ball, location: 2F
0-2: Ball
1-2: Foul Ball, location: 2F
1-2: Ball
Error on foul ball, E3
2-2: Strikes out swinging
Top of the 9th over - 0 run(s), 1 hit(s), 1 error(s), 2 left on base; Chesapeake 4 - Lannister United 8
This league is powered by Out of the Park Baseball, the baseball management simulation game for PC, Mac and Linux
Monday, October 3rd, 2016 - OOTP Baseball 16.9 Build 39